 Dungeon Crawl Stone Soup version 0.25-a0-290-g4a1327ee3a (webtiles) character file.

Game seed: 3036436585357446489, levelgen mode: classic

13219 Borgoz the Carver (level 11, -6/101 (102) HPs)
             Began as a Minotaur Gladiator on Dec 14, 2019.
             Was a Believer of Ashenzari.
             Mangled by a komodo dragon (19 damage)
             ... on level 11 of the Dungeon.
             The game lasted 00:20:07 (12362 turns).

Borgoz the Carver (Minotaur Gladiator)             Turns: 12362, Time: 00:20:08

HP:   -6/101 (102)  AC: 13    Str: 20    XL:     11   Next: 72%
MP:   8/10          EV: 16    Int:  5    God:    Ashenzari [**....]
Gold: 274           SH:  0    Dex: 14    Spells: 10/10 levels left

rFire    . . .     SeeInvis +   L - +4 scimitar
rCold    . . .     Gourm    .   (no shield)
rNeg     . . .     Faith    .   J - +0 scale mail of Daczau {rElec}
rPois    .         Spirit   .   c - +1 hat
rElec    +         Reflect  .   (no cloak)
rCorr    .         Harm     .   (no gloves)
MR       .....                  b - +2 pair of boots
Stlth    ..........             (no amulet)
HPRegen  0.26/turn              l - ring of see invisible
MPRegen  0.12/turn              G - +2 ring of slaying

@: no status effects
A: retaliatory headbutt, horns 2
a: Curse Item, Scrying, Renounce Religion


You were on level 11 of the Dungeon.
You worshipped Ashenzari.
Ashenzari was pleased with you.
You were not hungry.

You visited 2 branches of the dungeon, and saw 12 of its levels.
You also visited: Sewer.

You collected 472 gold pieces.
You spent 198 gold pieces at shops.

Inventory:

Hand Weapons
 L - a +4 scimitar (weapon)
Missiles
 d - 3 throwing nets (quivered)
Armour
 b - a +2 pair of boots (worn)
 c - a +1 hat (worn)
 q - the +0 leather armour of Cikhlas {-Tele +Inv rPois Str+4}
   (You found it on level 4 of the Dungeon)

   It affects your strength (+4).
   It protects you from poison.
   It lets you turn invisible.
   It prevents most forms of teleportation.
 C - a +1 ring mail of poison resistance
 J - the +0 scale mail of Daczau (worn) {rElec}
   (You found it on level 9 of the Dungeon)

   It insulates you from electricity.
Jewellery
 l - a ring of see invisible (left hand)
 v - an uncursed ring of protection from fire
 D - an uncursed amulet of magic regeneration
 G - a +2 ring of slaying (right hand)
 P - a +3 ring of intelligence
Wands
 g - a wand of disintegration (29)
 j - a wand of acid (20)
 A - a wand of flame (45)
 M - a wand of iceblast (10)
Scrolls
 a - a scroll of vulnerability {unknown}
 e - 3 scrolls of blinking
 h - 3 scrolls of enchant weapon {unknown}
 k - 11 scrolls of remove curse
 m - 2 scrolls of enchant armour
 r - 3 scrolls of magic mapping
 u - a scroll of teleportation
 w - a scroll of random uselessness {unknown}
 y - a scroll of holy word {unknown}
 z - a scroll of fear {unknown}
 B - 3 scrolls of amnesia {unknown}
 K - a scroll of identify
Potions
 i - a potion of heal wounds
 n - 2 potions of resistance
 o - 6 potions of curing
 p - 3 potions of lignification
 s - a potion of magic {unknown}
 t - 6 potions of flight
 x - a potion of berserk rage
 E - a potion of agility {unknown}
 F - a potion of ambrosia
 H - a potion of brilliance {unknown}
 I - a potion of haste {unknown}
 N - a potion of cancellation {unknown}
Comestibles
 f - 30 rations
 O - 7 chunks of flesh


   Skills:
 + Level 11.5 Fighting
 + Level 11.8 Long Blades
 - Level 2.0 Throwing
 + Level 11.2 Armour
 + Level 10.8 Dodging


You had 10 spell levels left.
You didn't know any spells.
Your spell library was empty.

Dungeon Overview and Level Annotations

Branches:
Dungeon (11/15)            Temple (1/1) D:6            Lair (0/6) D:8
  Sewer (visited)
    Orc: D:9-12

Altars:
Ashenzari
Cheibriados
Dithmenos
Elyvilon
Fedhas
Gozag
Hepliaklqana
Kikubaaqudgha
Makhleb
Nemelex Xobeh
Okawaru
Qazlal
Ru
Sif Muna
Trog
Uskayaw
Vehumet
Wu Jian
Xom
Yredelemnul
Zin
The Shining One

Shops:
D:4 ?   D:10 (


Innate Abilities, Weirdness & Mutations

You reflexively headbutt those who attack you in melee.
You have a pair of horns on your head.


Message History

The weapon returns to the orc!
The komodo dragon bites you!!
You are too injured to fight recklessly!
You hit the komodo dragon.
The komodo dragon is heavily wounded.
The manticore bites you.
The manticore claws you but does no damage.
The manticore closely misses you. The komodo dragon barely misses you.
You riposte.
You hit the komodo dragon. Your headbutt misses the komodo dragon.
The komodo dragon is severely wounded.
You hit the manticore but do no damage. The bullfrog hits you.
The manticore bites you!
* * * LOW HITPOINT WARNING * * *
The manticore barely misses you. The manticore claws you.
* * * LOW HITPOINT WARNING * * *
You hit the manticore. You headbutt the manticore!
The manticore is moderately wounded.
You are no longer corroded.
The bullfrog hits you but does no damage.
The orc closely misses you. The komodo dragon bites you!!
You die...

, ... ,,
#.#,#.........# ,
....,,*#.#####.....#
,
....####.##.###...##
.........<#<.......#
...........))......#
* ,..
#.(...(.รท......# *
#.##....((#.......# *
,
*#....SH(..........#*
,
....#.@l...........#
, ##.
#oF##....8......#, .
#Z....#.......... * ,
, .......#..........
#.................
......#........... ,
, #....## #...... , ,
..... ##...# , ,
....# ...# ,


You could see a manticore, a komodo dragon, a bullfrog, an adder, an orc and a
centaur warrior zombie.

Vanquished Creatures
  Josephine (D:10)
  Harold (D:10)
  A two-headed ogre (D:8)
  Sonja (D:10)
  An unseen horror (shapeshifter) (D:10)
  Pikel (D:4)
  A necromancer (D:9)
  An ugly thing (D:11)
  Prince Ribbit (D:7)
  A hippogriff (D:9)
  3 wraiths
  A wyvern (D:11)
  10 yaks
  Menkaure (D:7)
  3 hungry ghosts
  2 wargs (D:8)
  Edmund (D:4)
  An acid dragon (D:11)
  3 orc warriors
  Duvessa (D:6)
  5 ice beasts
  A sky beast (D:7)
  4 slaves (D:4)
  A black bear (D:9)
  4 phantoms
  An eye of draining (D:11)
  2 necrophages
  6 ogres
  A centaur (D:8)
  4 big kobolds
  Blork the orc (D:5)
  3 bullfrogs
  A wyvern zombie (D:6)
  Dowan (D:6)
  4 scorpions
  5 wights (D:10)
  An electric eel (D:8)
  5 crimson imps
  A bullfrog zombie (D:9)
  A centaur zombie (D:11)
  4 hounds
  4 bullfrog skeletons
  7 orc priests
  A jelly (D:8)
  8 orc wizards
  2 centaur skeletons
  Terence (D:3)
  6 iguanas
  4 polar bear simulacra (D:9)
  8 worker ants
  4 yak simulacra (D:9)
  A wolf simulacrum (D:9)
  A hound skeleton (D:7)
  A worker ant zombie (D:5)
  3 gnolls
  A howler monkey skeleton (D:7)
  10 adders
  A river rat (Sewer)
  4 shadow imps
  An ooze (D:4)
  2 adder zombies
  3 adder skeletons
  2 worms
  2 dart slugs
  4 leopard geckos
  34 orcs
  3 ball pythons
  6 bats
  7 goblins
  5 hobgoblins
  8 jackals
  5 quokkas
  8 frilled lizards
  A giant cockroach zombie (D:6)
  16 kobolds
  A quokka skeleton (D:8)
  A quokka zombie (D:5)
  14 rats
  2 river rat simulacra (D:9)
284 creatures vanquished.

Notes
Turn   | Place    | Note
-------+----------+-------------------------------------------
     0 | D:1      | Borgoz the Minotaur Gladiator began the quest for the Orb.
     0 | D:1      | Reached XP level 1. HP: 18/18 MP: 0/0
   336 | D:1      | Reached XP level 2. HP: 25/25 MP: 1/1
   600 | D:1      | Reached skill level 1 in Armour
   712 | D:1      | HP: 1/25 [gnoll/+0 halberd (7)]
  1275 | D:2      | Reached XP level 3. HP: 30/31 MP: 2/2
  2410 | D:3      | Noticed an ogre
  2412 | D:3      | Killed an ogre
  2412 | D:3      | Reached XP level 4. HP: 40/40 MP: 3/3
  2412 | D:3      | Reached XP level 5. HP: 46/46 MP: 4/4
  2712 | D:3      | Noticed Terence
  2725 | D:3      | Killed Terence
  2725 | D:3      | Reached skill level 5 in Long Blades
  2914 | D:3      | Found a faded altar of an unknown god.
  3112 | D:4      | Found a glowing drain.
  3129 | Sewer    | Entered a sewer
  3182 | Sewer    | Reached XP level 6. HP: 38/53 MP: 5/5
  3277 | Sewer    | Found a white marble altar of Elyvilon.
  3397 | D:4      | Found Ypragisu's Magic Scroll Boutique.
  3405 | D:4      | Bought a scroll of identify for 24 gold pieces
  3405 | D:4      | Bought a scroll of identify for 24 gold pieces
  3405 | D:4      | Bought a scroll of identify for 24 gold pieces
  3405 | D:4      | Bought a scroll of identify for 24 gold pieces
  3405 | D:4      | Bought a scroll of identify for 24 gold pieces
  3405 | D:4      | Bought a scroll of teleportation for 36 gold pieces
  3405 | D:4      | Bought a scroll of magic mapping for 42 gold pieces
  3477 | D:4      | Found a blossoming altar of Fedhas.
  3614 | D:4      | Reached skill level 5 in Dodging
  3790 | D:4      | Reached skill level 5 in Fighting
  3807 | D:4      | Noticed a slave
  3808 | D:4      | Noticed a slave
  3809 | D:4      | Noticed a slave
  3809 | D:4      | Noticed Pikel
  3814 | D:4      | Noticed a slave
  3815 | D:4      | Killed a slave
  3819 | D:4      | Reached XP level 7. HP: 44/61 MP: 6/6
  3842 | D:4      | Killed Pikel
  3842 | D:4      | Reached skill level 5 in Armour
  3850 | D:4      | Got a smoking leather armour
  4057 | D:4      | Identified the +0 leather armour of Cikhlas {-Tele +Inv
                  | rPois Str+4} (You found it on level 4 of the Dungeon)
  4343 | D:5      | Entered Level 5 of the Dungeon
  4343 | D:5      | Noticed Edmund
  4345 | D:5      | Noticed Blork the orc
  4355 | D:4      | Killed Edmund
  4355 | D:4      | Reached XP level 8. HP: 50/70 MP: 7/7
  4458 | D:5      | Killed Blork the orc
  5444 | D:6      | Noticed Duvessa
  5445 | D:6      | Noticed Dowan
  5448 | D:6      | Killed Dowan
  5458 | D:6      | Killed Duvessa
  5458 | D:6      | Reached XP level 9. HP: 19/79 MP: 8/8
  5711 | D:6      | Found a staircase to the Ecumenical Temple.
  5736 | Temple   | Entered the Ecumenical Temple
  5897 | Temple   | Became a worshipper of Ashenzari the Shackled
  6953 | D:7      | Noticed Menkaure
  6959 | D:7      | Killed Menkaure
  7110 | D:7      | Noticed Prince Ribbit
  7114 | D:7      | Killed Prince Ribbit
  7603 | D:7      | Reached XP level 10. HP: 65/91 MP: 9/9
  8422 | D:8      | Noticed a two-headed ogre
  8432 | D:8      | Killed a two-headed ogre
  8432 | D:8      | Reached skill level 10 in Long Blades
  8657 | D:8      | Found a glowing silver altar of Zin.
  8733 | D:8      | Found a staircase to the Lair.
  9119 | D:8      | Reached skill level 10 in Fighting
  9486 | D:9      | Reached * piety under Ashenzari
 10024 | D:9      | Reached skill level 10 in Armour
 10058 | D:9      | Got the uncursed scale mail of Daczau {rElec}
 10069 | D:9      | Identified the +0 scale mail of Daczau {rElec} (You found
                  | it on level 9 of the Dungeon)
 10164 | D:9      | Noticed a necromancer
 10171 | D:9      | Killed a necromancer
 10481 | D:10     | Entered Level 10 of the Dungeon
 10481 | D:10     | Noticed Josephine
 10488 | D:9      | Reached XP level 11. HP: 101/101 MP: 10/10
 10750 | D:10     | Killed Josephine
 10750 | D:10     | Reached skill level 10 in Dodging
 10932 | D:10     | Noticed Harold
 10944 | D:10     | Killed Harold
 10981 | D:10     | Noticed an unseen horror
 10981 | D:10     | a hippogriff changed into an unseen horror
 10985 | D:10     | Killed an unseen horror
 11179 | D:10     | Noticed Sonja
 11305 | D:10     | Found Niepo's Weapon Shop.
 11501 | D:10     | Reached ** piety under Ashenzari
 11870 | D:10     | Killed Sonja
 12315 | D:11     | Noticed a cyan ugly thing
 12333 | D:11     | Killed a cyan ugly thing
 12362 | D:11     | Mangled by a komodo dragon

Levels and vault maps discovered:
D:1:      ebering_trefoil_twist, layout_basic, serial_bayou,
          serial_bayou_ford_a, serial_bayou_lake_a, serial_bayou_pond_c,
          serial_bayou_pond_e
D:2:      minmay_spotlight, layout_basic, first_ration
D:3:      layout_basic, chequers_ecumenical_altar_grove, uniq_terence
D:4:      layout_loops_ring, fedhas_altar_fruit_tree,
          cheibrodos_sewer_entry_drain, serial_shops, shop, uniq_pikel
D:5:      layout_loops_ring, minmay_misc_feat_more_columns,
          corexii_hall_statues_u, uniq_blork_the_orc, uniq_edmund
D:6:      layout_basic, minmay_temple_entry_proselytizer,
          minmay_stone_trees_medium, grunt_tough_drop, uniq_duvessa
D:7:      minmay_razor_zed, layout_rooms, uniq_prince_ribbit1, uniq_menkaure
D:8:      minmay_skewed_foursquare, layout_basic, erik_lair_orcish_takeover,
          basic_altar, blue_anna_alchemist [blue_anna_fruit_fields,
          blue_anna_fruit_fields]
D:9:      layout_stronghold, eino_house_with_fridge
D:10:     layout_stronghold, serial_shops, shop, uniq_harold, uniq_sonja,
          uniq_josephine
D:11:     layout_cave_pools, orc_0_dummy, serial_undead, serial_undead_f,
          serial_undead_a, serial_undead_a, serial_undead_d, uniq_maurice
Temple:   kilobyte_greek_temple

Skill      XL: |  1  2  3  4  5  6  7  8  9 10 11 |
---------------+----------------------------------+-----
Armour         | 1 2 3 4 5 6 8 10 11 | 11.2
Long Blades    | 4 5 6 7 9 10 11 | 11.8
Fighting       | 3 4 5 6 7 9 10 11 | 11.5
Dodging        | 4 5 6 7 8 9 10 | 10.8
Throwing       | |  2.0

Action                   |  1- 3 |  4- 6 |  7- 9 | 10-12 || total
-------------------------+-------+-------+-------+-------++-------
Melee: Long sword        |    75 |    91 |   260 |   215 ||   641
       Headbutt          |    10 |    21 |    83 |    93 ||   207
       Scimitar          |       |       |       |   132 ||   132
Throw: Throwing net      |       |       |     1 |     6 ||     7
  Use: Scroll            |       |    10 |     2 |     1 ||    13
       Potion            |       |       |     2 |     3 ||     5
 Stab: Distracted        |       |     1 |     1 |       ||     2
       Invisible         |       |       |     6 |       ||     6
       Sleeping          |       |       |     1 |     1 ||     2
       Held in net/web   |       |       |       |     1 ||     1
  Eat: Chunk             |     5 |     4 |    14 |    18 ||    41
Armor: Leather armour    |    16 |    28 |    41 |    42 ||   127
       Scale mail        |       |       |       |    83 ||    83
Dodge: Dodged            |    57 |    73 |   188 |   303 ||   621
       Rpst.: Long sword |    13 |    22 |    54 |    33 ||   122
       Scimitar          |       |       |       |    25 ||    25

Table legend:
 A = Non-vault XP
 B = Vault XP
 C = Vault XP percentage of total XP
 D = Non-vault monster count
 E = Vault monster count
 F = Vault count percentage of total count
                 A         B        C        D         E       F
            +---------+---------+-------+---------+---------+-------
      Total |   10016 |    8869 |  47.0 |     210 |      70 |  25.0
            +---------+---------+-------+---------+---------+-------
        D:1 |      36 |       0 |   0.0 |      16 |       0 |   0.0
        D:2 |      20 |       7 |  25.9 |      14 |       4 |  22.2
        D:3 |     214 |      36 |  14.4 |      21 |       1 |   4.5
        D:4 |     300 |     789 |  72.5 |      18 |       4 |  18.2
        D:5 |     933 |      91 |   8.9 |      24 |       1 |   4.0
        D:6 |     262 |     489 |  65.1 |       9 |       6 |  40.0
        D:7 |    2015 |    1038 |  34.0 |      29 |      12 |  29.3
        D:8 |     819 |    1769 |  68.4 |      17 |      14 |  45.2
        D:9 |    1049 |    1106 |  51.3 |      16 |      13 |  44.8
       D:10 |    3069 |    3258 |  51.5 |      34 |       5 |  12.8
       D:11 |    1299 |     164 |  11.2 |      12 |       2 |  14.3
      Sewer |       0 |     122 | 100.0 |       0 |       8 | 100.0
            +---------+---------+-------+---------+---------+-------
